 Dungeon Crawl Stone Soup version 0.22-a0-803-gd6d8abe (webtiles) character file.

35 iamserjio the Chiller (level 3, 0/19 HPs)
             Began as a Deep Elf Ice Elementalist on July 22, 2018.
             Slain by a hound (4 damage)
             ... on level 2 of the Dungeon.
             The game lasted 00:04:45 (566 turns).

iamserjio the Chiller (Deep Elf Ice Elementalist)    Turns: 566, Time: 00:04:46

Health: 0/19       AC:  2    Str:  5    XL:     3   Next: 17%
Magic:  5/10       EV: 13    Int: 20    God:
Gold:   80         SH:  0    Dex: 15    Spells: 6/9 levels left

rFire    . . .     SeeInvis +   i - +0 hunting sling
rCold    . . .     Gourm    .   (no shield)
rNeg     . . .     Faith    .   a - +0 robe
rPois    .         Spirit   .   j - +0 hat
rElec    .         Reflect  .   (no cloak)
rCorr    .         Harm     .   (no gloves)
MR       .....                  (no boots)
Stlth    ++........             (no amulet)
HPRegen  0.06/turn              k - ring of see invisible
MPRegen  0.12/turn              (no ring)

@: no status effects
A: no striking features
a: no special abilities


You were on level 2 of the Dungeon.
You were not hungry.

You visited 1 branch of the dungeon, and saw 2 of its levels.

You collected 80 gold pieces.

Inventory:

Hand Weapons
 d - a +0 dagger
 i - a +0 hunting sling (weapon)
 m - a +0 short sword
Missiles
 l - 21 stones (quivered)
Armour
 a - a +0 robe (worn)
 e - a +0 leather armour
 j - a +0 hat (worn)
 o - a +0 buckler
Jewellery
 k - a ring of see invisible (left hand)
Scrolls
 b - a scroll of amnesia {unknown}
 f - a scroll of fog {unknown}
 g - 3 scrolls of identify {unknown}
 n - a scroll of enchant weapon {unknown}
Potions
 h - a potion of lignification {unknown}
Comestibles
 c - a ration


   Skills:
 + Level 3.0 Dodging
 - Level 2.4 Stealth
 + Level 3.6 Spellcasting
 * Level 1.9 Conjurations
 + Level 3.7 Ice Magic


You had 6 spell levels left.
You knew the following spells:

 Your Spells              Type           Power        Failure   Level  Hunger
a - Freeze                Ice            ###.         3%          1    None
b - Throw Frost           Conj/Ice       ##....       6%          2    ##.....

Your spell library contained the following spells:

 Spells                   Type           Power        Failure   Level  Hunger
 Summon Ice Beast         Ice/Summ       ##......     52%         4    ####...
 Ozocubu's Armour         Chrm/Ice       ##......     19%         3    ###....
 Throw Icicle             Conj/Ice       ##......     38%         4    ####...


Dungeon Overview and Level Annotations

Branches:
Dungeon (2/15)

Altars:


Message History

The hound is heavily wounded.
The hound bites you.
Casting: Freeze (safe; 3% risk of failure)
Confirm with . or Enter, or press ? or * to list all spells.
Aiming: Freeze (safe; 3% risk of failure)
Press: ? - help, Shift-Dir - straight line, f/p - hound
Aim: a hound (heavily wounded)
You freeze the hound.
The hound is severely wounded.
The hound barely misses you. The hound bites you.
* * * LOW HITPOINT WARNING * * *
Casting: Freeze (safe; 3% risk of failure)
Confirm with . or Enter, or press ? or * to list all spells.
Aiming: Freeze (safe; 3% risk of failure)
Press: ? - help, Shift-Dir - straight line, f/p - hound
Aim: a hound (severely wounded)
You freeze the hound.
The hound is almost dead.
The hound bites you.
You die...

.# #.# #.. #.# ..# #.#
################.#
.................#
....############@# ....#
........h...... ....#
..............# ....#
............... ....##
#########....K.
...).#####.......#.............
....†............#.............
.................#.....(.......
.####.......)....#....#.#.....#


You could see a hound and a kobold.

Vanquished Creatures
  3 worms (D:2)
  A leopard gecko (D:1)
  A giant cockroach (D:2)
  5 goblins
  4 hobgoblins
  4 jackals (D:2)
  A quokka (D:2)
  2 bats (D:1)
  A frilled lizard (D:1)
  A kobold (D:1)
  2 rats
25 creatures vanquished.

Notes
Turn   | Place    | Note
-------+----------+-------------------------------------------
     0 | D:1      | iamserjio the Deep Elf Ice Elementalist began the quest for the Orb.
     0 | D:1      | Reached XP level 1. HP: 10/10 MP: 6/6
   128 | D:1      | Reached XP level 2. HP: 5/15 MP: 2/8
   227 | D:1      | Learned a level 2 spell: Throw Frost
   499 | D:2      | Reached XP level 3. HP: 15/19 MP: 7/10
   566 | D:2      | Slain by a hound

Vault maps used:
D:1:      dpeg_arrival_orchard, hangedman_glass_teeth
D:2:      zin_statuary, kennysheep_generic_room_5, uniq_terence

Skill      XL: |  1  2 |
---------------+-------+-----
Dodging        | 3 |  3.0
Stealth        | |  2.4
Spellcasting   | |  3.6
Conjurations   | |  1.9
Ice Magic      | |  3.7

Action                   || total
-------------------------++-------
Melee: Unarmed           ||     1
       Dagger            ||     7
 Fire: Hunting sling     ||    27
 Cast: Freeze            ||    38
 Stab: Sleeping          ||     1
Armor: Robe              ||     7
Dodge: Dodged            ||    20

Table legend:
 A = Spawn XP
 B = Non-spawn XP
 C = Spawn XP percentage of total XP
 D = Spawn monster count
 E = Non-spawn monster count
 F = Spawn count percentage of total count
 G = Total turns spent on level
                    A         B        C        D         E        F      G
               +---------+---------+-------+---------+---------+-------+---------
         Total |       0 |      51 |   0.0 |       0 |      25 |   0.0 |   566
               +---------+---------+-------+---------+---------+-------+---------
           D:1 |       0 |      22 |   0.0 |       0 |      13 |   0.0 |   291
           D:2 |       0 |      29 |   0.0 |       0 |      12 |   0.0 |   275
               +---------+---------+-------+---------+---------+-------+---------
